 Dungeon Crawl Stone Soup version 0.25-a0-1132-g9d38388ac0 (webtiles) character file.

Game seed: 3233505217211033983, levelgen mode: deterministic

645 RaHiT the Slasher (level 7, -4/53 HPs)
             Began as a Demonspawn Chaos Knight on May 20, 2020.
             Was a Plaything of Xom.
             Slain by a moth of wrath (shapeshifter) (18 damage)
             ... on level 5 of the Dungeon.
             The game lasted 00:23:07 (4374 turns).

RaHiT the Slasher (Demonspawn Chaos Knight)         Turns: 4374, Time: 00:23:08

Health: -4/53      AC:  5    Str: 12    XL:     7   Next: 27%
Magic:  9/9        EV: 12    Int: 15    God:    Xom [..*...]
Gold:   234        SH:  4    Dex: 13    Spells: 6/6 levels left

rFire    . . .     SeeInvis .   a - +0 falchion (chaos)
rCold    . . .     Gourm    .   (no shield)
rNeg     . . .     Faith    .   b - +2 leather armour
rPois    .         Spirit   .   (helmet restricted)
rElec    .         Reflect  .   (no cloak)
rCorr    .         Harm     .   (no gloves)
MR       .....                  (no boots)
Stlth    +.........             (no amulet)
HPRegen  0.17/turn              l - ring of flight
MPRegen  0.11/turn              (no ring)

@: no status effects
A: antennae 1, large bone plates 1, powered by death 1
a: Renounce Religion, Evoke Flight


You were on level 5 of the Dungeon.
You worshipped Xom.
You were a toy of Xom.
You were hungry.

You visited 1 branch of the dungeon, and saw 5 of its levels.

You collected 234 gold pieces.

Inventory:

Hand Weapons
 a - a +0 falchion of chaos (weapon)
 h - a +0 falchion
 r - a +2 antimagic short sword
Missiles
 d - 42 bolts
 g - 103 stones
 n - 12 boomerangs (quivered)
 p - 76 sling bullets
Armour
 b - a +2 leather armour (worn)
 i - a +0 ring mail
Jewellery
 l - a ring of flight (left hand)
Wands
 w - a wand of clouds (7)
Scrolls
 f - 2 scrolls of amnesia
 j - 2 scrolls of immolation
 m - 3 scrolls of remove curse
 u - 5 scrolls of teleportation {unknown}
 v - 2 scrolls of enchant weapon {unknown}
Potions
 e - a potion of stabbing {unknown}
 o - 2 potions of resistance {unknown}
 q - a potion of flight
 s - a potion of heal wounds
 t - a potion of brilliance
 z - a potion of cancellation {unknown}
Comestibles
 c - 3 rations


   Skills:
 + Level 3.8 Fighting
 + Level 4.9 Long Blades
 + Level 3.0 Throwing
 - Level 2.0 Armour
 + Level 3.0 Dodging
 - Level 3.0 Evocations


You had 6 spell levels left.
You didn't know any spells.
Your spell library was empty.

Dungeon Overview and Level Annotations

Branches:
Dungeon (5/15)             Temple (0/1) D:5

Altars:
Dithmenos
Kikubaaqudgha

Shops:
D:5 [


Innate Abilities, Weirdness & Mutations

You have a pair of small antennae on your head.
You are partially covered in large bone plates. (SH +4)
You regenerate a little health from kills.


Message History

The moth of wrath bites you but does no damage.
The moth of wrath barely misses you.
Okay, then.
You hit the moth of wrath.
The moth of wrath flickers and vanishes!
Deactivating autopickup; reactivate with Ctrl-A.
Something completely misses you.
Unknown command.
You bump into the rock wall.
Something bites you!
* * * LOW HITPOINT WARNING * * *
Unknown command.
You feel much better. Something bites you!
You feel better. Something bites you! x2
* * * LOW HITPOINT WARNING * * *
Something bites you.
* * * LOW HITPOINT WARNING * * *
As you read the scroll labeled ZYJOSKIFIL, it crumbles to dust.
You feel blessed for a moment.
It was a scroll of remove curse.
Something bites you!!
You die...

###.[###....., * ,
......#....... ..# ,
###......#...##...,
#.......#.#..#.. ,
#####..#..#....#.##*,
........##....#.... ,
#####......>.....###.###
#...#....##........#
#..#....#..#@#****
#..#..#.#..{.#
#...##...#...#
#.#.........##
#...........#
#############


There were no monsters in sight!

Vanquished Creatures
  An ogre (D:3)
  A bullfrog (D:4)
  2 orc priests (D:3)
  3 orc wizards (D:3)
  4 worker ants
  4 gnolls (D:4)
  7 adders
  3 shadow imps (D:3)
  An ooze (D:4)
  5 worms
  2 dart slugs
  4 leopard geckos
  20 orcs
  2 bat zombies (D:4)
  2 giant cockroaches
  8 goblins
  3 hobgoblins (D:2)
  A jackal (D:2)
  10 kobolds
  2 quokkas (D:2)
  2 ball pythons
  10 bats
  4 frilled lizards
  A leopard gecko skeleton (D:4)
  11 rats
  A rat zombie (D:4)
114 creatures vanquished.

Notes
Turn   | Place    | Note
-------+----------+-------------------------------------------
     0 | D:1      | RaHiT the Demonspawn Chaos Knight began the quest for the
                  | Orb.
     0 | D:1      | Reached XP level 1. HP: 18/18 MP: 1/1
    20 | D:1      | Reached skill level 1 in Dodging
   216 | D:1      | Gained mutation: You are partially covered in large bone
                  | plates. (SH +4) [demonic ancestry]
   216 | D:1      | Reached XP level 2. HP: 24/24 MP: 2/2
   535 | D:1      | Reached skill level 1 in Throwing
   541 | D:1      | Reached skill level 3 in Long Blades
   574 | D:1      | XOM: divination: detect creatures
   586 | D:1      | XOM: silly message
   870 | D:1      | XOM: silly message
   877 | D:1      | Reached XP level 3. HP: 29/29 MP: 3/3
  1251 | D:2      | XOM: noise
  1254 | D:2      | Gained mutation: You regenerate a little health from kills.
                  | [demonic ancestry]
  1254 | D:2      | Reached XP level 4. HP: 35/35 MP: 4/4
  1745 | D:2      | XOM: divination: detect creatures
  1987 | D:3      | XOM: enchant monster (good)
  2013 | D:3      | XOM: noise
  2022 | D:3      | Reached skill level 1 in Evocations
  2022 | D:3      | Reached XP level 5. HP: 27/41 MP: 5/5
  2299 | D:3      | Found a shadowy altar of Dithmenos.
  2346 | D:3      | XOM: 2-stop teleportation journey
  2379 | D:3      | Found a transporter.
  2394 | D:3      | Found a transporter.
  2434 | D:3      | Reached skill level 4 in Long Blades
  2434 | D:3      | Gained mutation: You have a pair of small antennae on your
                  | head. [demonic ancestry]
  2434 | D:3      | Reached XP level 6. HP: 22/47 MP: 7/7
  3049 | D:3      | XOM: summons 1 hostile demon
  3147 | D:4      | XOM: confusion
  3162 | D:3      | XOM: enchant monster (bad)
  3199 | D:3      | XOM: potion effect (berserk rage)
  3422 | D:4      | Found an ancient bone altar of Kikubaaqudgha.
  3645 | D:4      | HP: 2/47 [bullfrog (4)]
  3652 | D:4      | Reached XP level 7. HP: 15/52 MP: 9/9
  3792 | D:4      | XOM: noise
  4206 | D:4      | XOM: silly message
  4303 | D:5      | Entered Level 5 of the Dungeon
  4311 | D:5      | Found Bank's Antique Armour Shoppe.
  4330 | D:5      | Found a staircase to the Ecumenical Temple.
  4339 | D:5      | Noticed a shapeshifter
  4339 | D:5      | a hound changed into a shapeshifter
  4339 | D:5      | Noticed a golden eye
  4339 | D:5      | a shapeshifter changed into a golden eye
  4351 | D:5      | XOM: noise
  4359 | D:5      | Noticed a moth of wrath
  4359 | D:5      | a golden eye changed into a moth of wrath
  4362 | D:5      | XOM: divination: magic mapping
  4374 | D:5      | Slain by a moth of wrath (shapeshifter)

Illustrated notes

Levels and vault maps discovered:
D:1:      mrwooster_arrival_statue_3, layout_loops_corners
D:2:      layout_basic, first_ration, corexii_leaking_fountain
D:3:      gammafunk_wand_slinger, layout_basic,
          nicolae_dithmenos_through_a_glass_darkly
D:4:      layout_loops_cross, lemuel_zombie_altar_kikubaaqudgha
D:5:      layout_loops_ring, minmay_temple_entry_mini_moons, serial_shops,
          shop_statue, gammafunk_ghost_grave, kennysheep_generic_room_10

Skill      XL: |  1  2  3  4  5  6 |
---------------+-------------------+-----
Dodging        | 1 2 3 |  3.0
Armour         | 2 |  2.0
Throwing       | 1 2 3 |  3.0
Long Blades    | 3 4 |  4.9
Evocations     | 1 3 |  3.0
Fighting       | |  3.8

Action                   |  1- 3 |  4- 6 |  7- 9 || total
-------------------------+-------+-------+-------++-------
Melee: Falchion          |   102 |   165 |    46 ||   313
Throw: Stone             |    31 |       |       ||    31
       Boomerang         |     3 |    67 |    39 ||   109
 Abil: Evoke Flight      |       |     1 |       ||     1
  Use: Scroll            |       |     8 |     1 ||     9
       Potion            |       |     4 |     2 ||     6
 Stab: Petrified         |     7 |       |       ||     7
       Sleeping          |       |     1 |       ||     1
       Paralysed         |       |     2 |     1 ||     3
       Petrifying        |       |     1 |       ||     1
       Confused          |       |     1 |     1 ||     2
  Eat: Chunk             |     1 |     8 |     2 ||    11
Armor: Leather armour    |    26 |    38 |     5 ||    69
Dodge: Dodged            |    53 |   109 |    26 ||   188
Block: Other             |    11 |    24 |     5 ||    40
       Rpst.: Falchion   |    15 |    33 |     8 ||    56

Table legend:
 A = Non-vault XP
 B = Vault XP
 C = Vault XP percentage of total XP
 D = Non-vault monster count
 E = Vault monster count
 F = Vault count percentage of total count
                 A         B        C        D         E       F
            +---------+---------+-------+---------+---------+-------
      Total |     843 |      79 |   8.6 |     107 |       7 |   6.1
            +---------+---------+-------+---------+---------+-------
        D:1 |      44 |       0 |   0.0 |      26 |       0 |   0.0
        D:2 |      83 |       0 |   0.0 |      23 |       0 |   0.0
        D:3 |     356 |      74 |  17.2 |      26 |       4 |  13.3
        D:4 |     360 |       5 |   1.4 |      32 |       3 |   8.6
            +---------+---------+-------+---------+---------+-------
